Map: Blackpink LE

Players

Dessa - Winner!

  • Race: Zerg Zerg
  • League: Diamond
  • Spawn Location: 1:00

Houdini

  • Race: Terran Terran
  • League: Diamond
  • Spawn Location: 7:00

VOD

Have the link to the VOD?

Description

Time

  • Played on: Jan. 14, 2018, 12:51 p.m.
  • Length: 16:48
Show
View Real Time Build Order
Export as new Build Order

Dessa Zerg - Winner!

Build Orders: Hatch First 

Get SALT Encoding   

  12  0:01  Drone  
  13  0:12  Overlord  
  13  0:18  Drone  
  14  0:30  Drone x2  
  14  0:34  Drone  
  17  0:54  Hatchery  
  17  0:56  Drone  
  17  1:00  Extractor  
  17  1:01  Drone  
  17  1:17  Spawning Pool  
  16  1:23  Drone  
  17  1:26  Drone  
  17  1:29  Overlord  
  18  1:48  Drone  
  18  1:51  Drone  
  20  2:03  Metabolic Boost  
  20  2:04  Queen  
  20  2:07  Queen  
  24  2:10  Zergling x2  
  24  2:13  Zergling x2  
  26  2:16  Drone  
  27  2:24  Zergling x2  
  27  2:25  Drone  
  29  2:44  Queen  
  29  2:48  Drone  
  29  2:49  Drone, Baneling Nest  
  29  2:50  Zergling x2  
  33  2:56  Drone  
  34  3:03  Drone  
  34  3:05  Zergling x2, Overlord  
  36  3:07  Overlord  
  36  3:17  Overlord  
  36  3:26  Zergling x2  
  36  3:27  Zergling x8  
  39  3:28  Drone  
  42  3:35  Overlord  
  42  3:38  Zergling x2  
  43  3:48  Zergling x2  
  44  3:50  Baneling x4  
  44  3:51  Baneling x2  
  44  3:54  Drone x2  
  46  3:57  Drone  
  46  3:58  Drone x2  
  46  4:00  Zergling x2  
  46  4:01  Drone  
  51  4:07  Drone  
  51  4:08  Extractor  
  51  4:09  Drone  
  52  4:10  Drone  
  52  4:12  Drone  
  53  4:30  Queen x2  
  56  4:42  Zergling x10  
  61  4:46  Drone  
  61  4:47  Drone  
  61  4:48  Drone  
  64  5:25  Drone x2  
  64  5:26  Extractor x2, Lair  
  64  5:27  Drone x2  
  64  5:28  Drone  
  67  5:30  Overlord  
  67  5:36  Overlord  
  67  5:49  Pneumatized Carapace  
  67  5:59  Hatchery  
  54  6:39  Zergling x6  
  55  6:40  Zergling x2  
  55  6:50  Zergling x4  
  55  6:51  Zergling x16  
  55  6:52  Zergling x2  
  65  7:11  Baneling x6  
  65  7:12  Baneling x6, Centrifical Hooks  
  65  7:13  Baneling, Zergling x4  
  65  7:14  Zergling x6  
  65  7:15  Queen  
  73  7:44  Drone x4  
  73  7:45  Drone  
  73  7:46  Drone x3, Overlord  
  73  7:48  Overlord  
  73  7:49  Drone  
  81  7:58  Hydralisk Den  
  80  8:01  Evolution Chamber x2  
  78  8:06  Drone x4  
  78  8:07  Drone  
  78  8:08  Extractor  
  78  8:09  Drone x2  
  78  8:10  Extractor  
  83  8:22  Drone x4  
  85  8:37  Drone x3  
  85  8:38  Drone x2  
  90  8:53  Overlord x3  
  90  8:56  Zerg Ground Armor Level 1, Zerg Missile Weapons Level 1  
  90  8:57  Muscular Augments  
  90  9:08  Hatchery  
  89  9:10  Extractor  
  89  9:11  Extractor  
  87  9:26  Overlord x2  
  87  9:27  Hydralisk x8  
  87  9:28  Hydralisk  
  87  9:29  Zergling x14  
  87  9:30  Zergling x2  
  113  9:50  Baneling x8  
  113  9:58  Infestation Pit  
  112  10:03  Zergling x14  
  112  10:04  Hydralisk  
  112  10:06  Overlord x3  
  121  10:11  Drone  
  97  10:37  Zergling x8  
  97  10:38  Zergling x2  
  97  10:41  Zergling x2  
  97  10:42  Zergling x20  
  102  10:47  Hydralisk x4  
  110  10:51  Zerg Ground Armor Level 2, Zerg Missile Weapons Level 2  
  110  11:02  Baneling x2  
  110  11:03  Baneling x5, Hydralisk x5  
  118  11:10  Hive  
  80  11:34  Zergling x14, Hydralisk x4  
  93  11:43  Queen  
  95  11:48  Zergling x10  
  95  11:49  Zergling x14  
  95  11:53  Baneling x2  
  95  11:54  Baneling x7  
  107  11:58  Extractor  
  106  12:04  Drone x2  
  108  12:13  Spire  
  107  12:17  Drone  
  107  12:19  Drone  
  107  12:20  Drone x4  
  107  12:21  Drone x3  
  107  12:22  Drone x2  
  117  13:06  Drone x4  
  121  13:14  Zerg Ground Armor Level 3, Zerg Missile Weapons Level 3  
  117  13:32  Corruptor x6  
  127  13:35  Greater Spire  
  127  13:37  Zergling x2  
  127  13:38  Zergling x8  
  127  13:39  Overlord x2  
  132  13:57  Zergling x4  
  132  13:58  Zergling x4  
  132  13:59  Baneling x7  
  132  14:00  Baneling  
  132  14:01  Hydralisk x2  
  140  14:06  Hatchery  
  139  14:13  Corruptor  
  139  14:14  Corruptor x2  
  139  14:15  Overlord x2  
  145  14:43  Corruptor x2  
  149  14:52  Brood Lord x5  
  159  14:53  Corruptor x2, Brood Lord x2  
  159  14:55  Zergling x2  
  159  14:57  Overlord x2  
  168  15:08  Overlord x2  
  168  15:12  Pathogen Glands  
  168  15:19  Queen  
  170  15:22  Drone x2  
  172  15:42  Extractor  
  172  15:43  Extractor  
Show
View Real Time Build Order
Export as new Build Order

Houdini Terran 

Build Orders: Hellion Opening, Mech 

Get SALT Encoding   

  12  0:01  SCV  
  13  0:13  SCV  
  14  0:21  Supply Depot  
  14  0:25  SCV  
  15  0:30  Refinery  
  15  0:42  SCV  
  16  0:45  Barracks  
  16  0:54  SCV  
  16  0:56  Refinery  
  17  1:06  SCV  
  18  1:19  SCV  
  19  1:31  SCV  
  20  1:33  Supply Depot  
  20  1:37  Factory  
  20  1:47  Factory  
  20  1:51  SCV  
  21  2:05  Barracks Reactor  
  21  2:09  Orbital Command  
  21  2:19  Supply Depot  
  21  2:23  Factory Tech Lab  
  20  2:40  SCV  
  21  2:44  Infernal Pre-Igniter  
  21  2:48  Hellion  
  23  3:03  Hellion  
  23  3:05  Hellion  
  27  3:07  Barracks Tech Lab  
  27  3:08  SCV  
  28  3:16  Hellion  
  30  3:22  SCV  
  30  3:24  Hellion  
  33  3:32  Hellion  
  35  3:37  Barracks Reactor  
  35  3:45  Hellion  
  37  3:51  Armory  
  37  4:03  SCV  
  38  4:11  Factory  
  38  4:13  Marine  
  39  4:47  Hellion x2, Marine  
  44  4:56  Command Center  
  44  4:57  SCV, Starport  
  45  5:01  Hellion  
  47  5:12  Terran Vehicle Weapons Level 1  
  47  5:29  Supply Depot  
  47  5:47  Refinery  
  47  5:51  SCV, Hellion x3  
  54  6:01  Hellion  
  54  6:03  SCV  
  53  6:12  Hellion x3  
  55  6:23  Hellion  
  43  6:54  Thor x2  
  43  6:55  Hellion, Liberator  
  55  7:02  Supply Depot, Engineering Bay  
  55  7:06  Terran Vehicle And Ship Armor Level 1  
  56  7:19  SCV x2  
  58  7:31  SCV  
  59  7:38  Thor  
  65  7:53  Thor  
  71  8:00  SCV x2  
  73  8:12  SCV, Orbital Command  
  74  8:14  Hellbat x2  
  78  8:20  Supply Depot  
  78  8:35  SCV  
  76  8:41  Thor  
  76  8:45  Hellbat x2  
  86  8:52  Supply Depot  
  86  9:00  Liberator, Terran Vehicle Weapons Level 2  
  86  9:06  Thor  
  86  9:07  SCV  
  93  9:11  Supply Depot  
  93  9:14  Hellbat  
  98  9:27  Siege Tank  
  98  9:30  Supply Depot  
  101  9:32  SCV  
  101  9:33  SCV  
  101  9:37  Hellbat  
  105  9:40  Hellbat  
  105  9:44  SCV  
  108  9:48  Refinery  
  108  9:52  Siege Tank  
  111  9:59  Siege Tank  
  114  10:23  Hellbat x2  
  89  10:41  Hellion x2  
  87  10:45  Hellion x2  
  91  11:02  Hellion x2  
  93  11:06  Hellion  
  51  11:36  Hellion x3, Liberator x2  
  51  11:37  Hellion  
  54  11:41  Terran Vehicle And Ship Armor Level 2  
  54  11:47  Command Center x2  
  60  12:00  Siege Tank, Thor  
  69  12:11  Hellion x2  
  73  12:30  Hellion x10, Barracks Tech Lab  
  73  12:32  Factory  
  73  12:33  Thor  
  73  12:35  Factory  
  78  12:45  Siege Tank  
  78  12:46  Hellbat x2  
  85  13:07  Orbital Command, Hellbat x2  
  89  13:17  Siege Tank, Hellbat  
  90  13:29  Hellbat x2  
  90  13:31  Orbital Command  
  90  13:38  Siege Tank  
  93  13:46  Siege Tank  
  96  13:49  Siege Tank  
  96  13:50  Hellion, Hellbat  
  103  14:10  Thor  
  103  14:13  Hellbat x4  
  117  14:18  Siege Tank  
  117  14:21  Siege Tank  
  123  14:32  Refinery  
  123  14:33  Refinery  
  123  14:34  Hellbat  
  125  14:42  Hellbat  
  125  14:43  Hellbat  
  129  14:51  Siege Tank  
  132  14:58  Siege Tank x2  
  132  14:59  Supply Depot  
  143  15:07  Hellbat x3  
  143  15:09  Hellbat  
  146  15:14  Barracks Reactor, Starport Reactor  
  146  15:20  Starport  
  146  15:23  Siege Tank  
  149  15:30  Siege Tank  
  152  15:51  Viking  
  152  15:52  Viking  
  152  15:56  Supply Depot  
  156  15:57  Supply Depot  
  156  16:07  Sensor Tower  
  148  16:13  Viking  
  148  16:14  Viking  
Tags
 
Composition
Mech
Matchup
TvZ
Replay Pack
2017S4
Spawn Locations
Cross Positions
Add a new tag
Caveats
  • Supply blocks, unpowered buildings, or Contaminate may cause inaccurate times.
  • Supply counts are checked every 10 seconds.